[Event "*** Monthly 3|2 Blitz Masters"]
[Site "Chess.com"]
[Date "2014.11.25"]
[Round "5"]
[White "GulamaliRises"]
[Black "Byniolus"]
[Result "1-0"]
[WhiteElo "2427"]
[BlackElo "2294"]
[TimeControl "180+2"]
[EndTime "11:57:41 PST"]
[Termination "GulamaliRises won by resignation"]

1. e4 d6 2. d4 Nf6 3. Nc3 c6 4.
Nf3 Bg4 5. h3 Bh5 6. g4 Bg6 7.
Qe2 e6 8. Nh4 Bxe4 9. f3 Bg6 10.
Nxg6 hxg6 11. Bd2 Nbd7 12. O-O-O Qb6 13. Be3 Nd5 14. Ne4 Nxe3 15. Qxe3 d5 16. Ng5 Bd6 17. Nxe6 fxe6 18. Qxe6+ Be7 19. Re1 O-O-O 20. Qxe7 Qxd4 21. Bd3 Rde8 22. Qg5 Ne5 23. Bxg6 Nc4 24. Rxe8+ Rxe8 25. Bxe8 Qxb2+ 26. Kd1 Qa1+ 27. Qc1 Qd4+ 28. Ke2 Qe5+ 29.
Kf2 Qxe8 30. Qf4 g5 31. Qxg5 Kc7 32. Qf4+ Kb6 33. h4 Qg6 34. h5 Qxc2+ 35. Kg3 c5 36. h6 d4 37. h7 Ne3 38. Qxe3 dxe3 39. h8=Q Qf2+ 40. Kf4 e2 41. Qb2+ Kc7 42. Rh7+ Kd6 43.
Rh6+ Kd5 44. Qxb7+ Kc4 45. Qb3+ 1-0

[Event "*** Monthly 3|2 Blitz Masters"]
[Site "Chess.com"]
[Date "2014.11.25"]
[Round "5"]
[White "pKiLz5Rn9b"]
[Black "Mvpag"]
[Result "1-0"]
[WhiteElo "2158"]
[BlackElo "1875"]
[TimeControl "180+2"]
[EndTime "11:57:55 PST"]
[Termination "pKiLz5Rn9b won by checkmate"]

1. b3 d5 2. Bb2 e6 3. e3 Nf6 4. f4 Bd6 5. Nf3 c5 6. g3 Nc6 7. Bg2 O-O 8. O-O b5 9. d3 a5 10. Nbd2 Ba6 11. e4 dxe4 12. dxe4 Be7 13. e5 Nd5 14. Re1 Qb6 15. Kh1 Rad8 16. Qe2 Ncb4 17. c4 Nc7 18. cxb5 Bxb5 19. Nc4 Qa6 20. Rec1 Nd3 21. Rc3 Nxb2 22. Qxb2 Nd5 23. Rcc1 Bxc4 24.
bxc4 Ne3 25. Qe2 Nxg2 26. Kxg2 Qc6 27. Rab1 Rd4 28. Rc3 Rfd8 29. Kg1 R4d7 30. Rcb3 h6 31.
Rb6 Qa4 32. R6b3 Qc6 33. Re1 a4 34. Rb5 a3 35. Rb3 Qa4 36. Rc1 Qa5 37. Qe3 Rd1+ 38.
Rxd1 Rxd1+ 39. Kg2 g6 40. Rxa3 Qb4 41. Ra8+ Kg7 42.
Qb3 Rd2+ 43. Nxd2 Qxd2+ 44. Kh3 g5 45. Qf3 Kg6 46. Rg8+ Kh7 47. Re8 Bd8 48. f5 Bc7 49. fxe6 g4+ 50. Qxg4 Bxe5 51. Qg8# 1-0

[Event "*** Monthly 3|2 Blitz Masters"]
[Site "Chess.com"]
[Date "2014.11.25"]
[Round "5"]
[White "VSERGUEI"]
[Black "MattyDPerrine"]
[Result "1-0"]
[WhiteElo "2331"]
[BlackElo "2034"]
[TimeControl "180+2"]
[EndTime "11:58:05 PST"]
[Termination "VSERGUEI won by resignation"]

1. d4 Nf6 2. c4 c5 3. Nc3 cxd4 4.
Qxd4 Nc6 5. Qd2 e6 6. Nf3 d5 7. cxd5 exd5 8. e3 Bb4 9. Bd3 Bg4 10. a3 Bd6 11. Nd4 Nxd4 12. exd4 O-O 13. O-O Re8 14. Qg5 Be6 15. Qh4 h6 16. h3 Nd7 17. Qh5 Nf6 18. Qf3 Qb6 19. Bxh6 Qxd4 20. Nb5 Qe5 21. Nxd6 Qxd6 22.
Bf4 Qb6 23. Rfe1 d4 24. Be5 Nd7 25. Qh5 Nxe5 26. Qh7+ Kf8 27. Rxe5 Qxb2 28. Rae1 Qc3 29. Bb5 Red8 30. Qh8+ Ke7 31. Qxg7 Rd6 32. Qg5+ Kf8 33. Qh6+ Ke7 34. Qh4+ Kf8 35. Qh8+ Ke7 36. Qxa8 d3 37. Qxb7+ Kf6 38. Qf3+ Ke7 39. Qg3 Rd5 40. Qg7 Rxe5 41.
Qxe5 Qxa3 42. Qe3 Qb4 43. Bxd3 a5 44. Bf5 Qd6 45. Bxe6 fxe6 46. Qe5 Qb6 47. Ra1 a4 48. Qc3 Qb5 49. Qa3+ Kf7 50. Qxa4 Qd5 51. Qa2 Qg5 52.
Qa7+ Kf6 53. Qa5 Qf4 54. Qa4 Qe5 55. Qa3 Kg6 56. Rf1 Qe4 57. Qg3+ Kf7 58. Qf3+ Qxf3 1-0

[Event "*** Monthly 3|2 Blitz Masters"]
[Site "Chess.com"]
[Date "2014.11.25"]
[Round "5"]
[White "liczner"]
[Black "GMBenjaminBok"]
[Result "0-1"]
[WhiteElo "2416"]
[BlackElo "2605"]
[TimeControl "180+2"]
[EndTime "11:58:08 PST"]
[Termination "GMBenjaminBok won on time"]

1. e4 c5 2. Nf3 e6 3. d3 Nc6 4. g3 d5 5. Nbd2 g6 6. Bg2 Bg7 7. O-O Nge7 8. Re1 b6 9. Qe2 O-O 10. e5 h6 11. h4 f6 12. exf6 Rxf6 13. Nf1 Qd6 14. Ne3 e5 15. c4 d4 16. Nd5 Bg4 17.
Nxf6+ Qxf6 18. Qe4 Bf5 19. Qe2 Bg4 20. Qe4 Bf5 21. Qe2 Rf8 22. Nd2 Bxd3 23. Ne4 Bxe2 24. Nxf6+ Rxf6 25. Rxe2 Rd6 26. Be4 a6 27. Bd2 Nd8 28. Bd3 Nf7 29. b4 Re6 30. bxc5 bxc5 31. Rb1 Nd6 32. f3 Kf7 33. Rb6 Ndf5 34. Rxe6 Kxe6 35.
Kg2 Nd6 36. f4 Nc6 37. fxe5 Nxe5 0-1

[Event "*** Monthly 3|2 Blitz Masters"]
[Site "Chess.com"]
[Date "2014.11.25"]
[Round "5"]
[White "rhungaski"]
[Black "WanderingPuppet"]
[Result "1-0"]
[WhiteElo "2423"]
[BlackElo "2026"]
[TimeControl "180+2"]
[EndTime "11:58:12 PST"]
[Termination "rhungaski won by resignation"]

1. e4 c5 2. Nf3 d6 3. d4 cxd4 4.
Nxd4 Nf6 5. Nc3 a6 6. Be2 e6 7. a4 Qc7 8. O-O Nc6 9. Be3 Be7 10. f4 O-O 11. Kh1 Re8 12. Bf3 Rb8 13. g4 Na5 14. g5 Nd7 15. Nde2 Nc4 16. Bc1 b5 17. axb5 axb5 18. b3 b4 19. Na4 Na5 20. Bb2 Bf8 21. Ng3 Nc6 22. Qd2 Ba6 23. Rf2 Bb5 24. h4 Bxa4 25.
Rxa4 Nc5 26. Ra1 Ra8 27. Rff1 Qb6 28. h5 Ra7 29. Rxa7 Qxa7 30. Ra1 Qb6 31. h6 Rb8 32. Nh5 e5 33. hxg7 Bxg7 34. Nxg7 Kxg7 35. Qxd6 Kg8 36. Bxe5 Nxe5 37. Qxe5 Ne6 38. Rd1 Re8 39. f5 Qf2 40. Bg2 Ng7 41. Qd4 Qh4+ 42. Kg1 Qxg5 43. f6 Ne6 44. Qf2 h5 45. Rd3 Nf4 46. Rg3 Qxg3 47.
Qxg3+ Ng6 48. Qg5 Re5 49. Qh6 1-0

[Event "*** Monthly 3|2 Blitz Masters"]
[Site "Chess.com"]
[Date "2014.11.25"]
[Round "5"]
[White "oggy1984"]
[Black "bsmail"]
[Result "0-1"]
[WhiteElo "2208"]
[BlackElo "2107"]
[TimeControl "180+2"]
[EndTime "11:58:12 PST"]
[Termination "bsmail won on time"]

1. e4 c5 2. Nf3 d6 3. d4 cxd4 4.
Nxd4 Nf6 5. Nc3 a6 6. f3 Nc6 7.
Be3 e5 8. Nb3 Be6 9. Qd2 d5 10.
exd5 Nxd5 11. Nxd5 Qxd5 12. Qxd5 Bxd5 13. O-O-O O-O-O 14. Bb6 Rd7 15. Nc5 Bxc5 16. Bxc5 Kc7 17. Be2 Rhd8 18.
c4 Be6 19. Rxd7+ Rxd7 20. Rd1 Nd4 21. Bf1 b6 22. Bf8 f6 23. b3 Rf7 24. Ba3 Rd7 25. Bd3 h5 26. Bf8 g5 27. Kb2 h4 28. Kc1 h3 29. gxh3 Nxf3 30. Be4 Rxd1+ 31. Kxd1 Nxh2 32. Bg7 Bxh3 33. Bxf6 Ng4 34. Bxg5 Nf2+ 35. Ke2 Nxe4 36. Be7 Nc3+ 37. Kd2 Nxa2 38. Kc2 a5 39.
Bf6 Kd6 40. Bd8 Nb4+ 41. Kc3 Kc6 42. Bf6 e4 43. Bg5 Bf5 44. Be3 Na6 45. Bd4 Nc5 46.
b4 axb4+ 47. Kxb4 Na6+ 48. Kc3 Nc7 49. Be3 Ne6 50. Kb4 Nc5 51. Kc3 Kd6 52. Kb4 Ke5 53. Kb5 Nd7 54. Kc6 Be6 55. Kc7 Kf5 0-1

[Event "*** Monthly 3|2 Blitz Masters"]
[Site "Chess.com"]
[Date "2014.11.25"]
[Round "5"]
[White "David_Klein"]
[Black "JamesColeman"]
[Result "1-0"]
[WhiteElo "2366"]
[BlackElo "2277"]
[TimeControl "180+2"]
[EndTime "11:58:36 PST"]
[Termination "David_Klein won by resignation"]

1. e4 e5 2. Nf3 Nc6 3. Bb5 Nf6 4.
d3 Bc5 5. Nbd2 Nd4 6. Nxd4 Bxd4 7. Nf3 Bb6 8. Nxe5 c6 9. Ba4 d5 10. exd5 Qxd5 11. O-O O-O 12. Bf4 Qd4 13. Qf3 Qxa4 14. c4 Bd4 15. Rae1 Re8 16. g4 Bxe5 17. Bxe5 Nxg4 18. Bc3 Rxe1 19. Rxe1 Be6 20. Rxe6 fxe6 21.
Qxg4 g6 22. Qxe6+ Kf8 23. Qf6+ Ke8 24. Qe6+ Kf8 25. Qd6+ Ke8 26. Qe6+ Kf8 27. Qf6+ Ke8 28. Qh8+ Kd7 29. Qxa8 Qd1+ 30. Kg2 Qg4+ 31. Kf1 Qd1+ 32. Be1 Kc7 33. Qxa7 Qxd3+ 34. Kg1 Qxc4 35. Qe3 Qxa2 36. Bc3 Qd5 37. Qe5+ Qxe5 38. Bxe5+ Kd7 39. Kf1 Ke6 40.
Bc3 Kd5 41. Ke2 Kc4 42. Kd2 Kb3 43. Bh8 b5 44. Kd3 c5 45. Kd2 c4 46. Bf6 b4 47.
Be5 h5 48. h4 Ka4 49. Kc2 Kb5 50. Bd6 Ka5 51. Bf8 Ka4 52. Kd2 Kb3 53. Kc1 c3 54.
bxc3 Kxc3 55. Bg7+ Kd3 56. Kb2 g5 57. hxg5 Ke4 58.
Bf8 h4 59. g6 1-0

[Event "*** Monthly 3|2 Blitz Masters"]
[Site "Chess.com"]
[Date "2014.11.25"]
[Round "5"]
[White "gmjlh"]
[Black "GeorgMeier"]
[Result "0-1"]
[WhiteElo "2512"]
[BlackElo "2593"]
[TimeControl "180+2"]
[EndTime "11:58:41 PST"]
[Termination "GeorgMeier won by resignation"]

1. d4 e6 2. c4 Nf6 3. Nc3 Bb4 4.
Nf3 Bxc3+ 5. bxc3 d6 6. g3 b6 7. Bg2 Bb7 8. O-O O-O 9. d5 e5 10. Nh4 Na6 11. e4 Nc5 12. Qe2 Re8 13. Nf5 Bc8 14.
g4 Nfd7 15. g5 Nf8 16. Be3 Ng6 17. Rad1 Rf8 18. Qg4 Qd7 19. h4 Ne7 20. Nxe7+ Qxe7 21. Qg3 f5 22. gxf6 Qxf6 23. f4 Bd7 24. fxe5 Qxe5 25.
Bf4 Qe7 26. e5 Rxf4 27. Qxf4 dxe5 28. d6 cxd6 29. Bd5+ Kh8 30. Qg5 Qxg5+ 31. hxg5 Re8 32. Bf7 Re7 33. Rxd6 g6 34. Bd5 Kg7 35. Rdf6 Bf5 36. Kf2 h6 37. Rd6 hxg5 38. Rd8 g4 39. Kg3 Kf6 40.
Rh1 Kg5 41. Rd6 e4 42. Re1 e3 43. Bg2 Nd3 44. Re2 Nf4 45. Re1 Nh5+ 46. Kh2 g3+ 47. Kg1 Nf4 48. Bf3 Bg4 49. Bxg4 Kxg4 50. Rd4 g5 51. Rf1 e2 52. Re1 Kf3 53. Rd6 Rh7 54. Rf6 g2 0-1

[Event "*** Monthly 3|2 Blitz Masters"]
[Site "Chess.com"]
[Date "2014.11.25"]
[Round "5"]
[White "vovkcoach"]
[Black "jcibarra"]
[Result "0-1"]
[WhiteElo "2482"]
[BlackElo "2478"]
[TimeControl "180+2"]
[EndTime "11:58:42 PST"]
[Termination "jcibarra won by resignation"]

1. e4 e5 2. Nf3 d6 3. d4 exd4 4.
Qxd4 a6 5. Bg5 Nc6 6. Qd2 Nf6 7. Nc3 Be7 8. O-O-O Be6 9. Bd3 b5 10. Rhe1 O-O 11. Kb1 Ne5 12. Nd4 b4 13. Nce2 Nfg4 14. Nxe6 fxe6 15. Bxe7 Qxe7 16. f3 Nf2 17. Rc1 c5 18.
Ng3 Nfxd3 19. cxd3 Nc6 20. Ne2 e5 21. Ng3 Nd4 22.
Ne2 Ne6 23. Ng3 g6 24. Nf1 a5 25. Ne3 Qg5 26. Qd1 Nd4 27. Qa4 Rf7 28. Rcd1 Kg7 29. Rd2 Qh4 30. Red1 Qxh2 31. Nc4 Ra6 32. Qe8 Qh4 33.
Qc8 Rc6 34. Qa8 a4 35. Qxa4 Qd8 36. Rh1 Qc8 37. Qd1 Ra6 38. Qe1 Rfa7 39. Qh4 Kg8 40. b3 Nb5 41. Kc1 Nc3 42. Rc2 Qd7 43. Kd2 Rxa2 44. Rc1 Nb5 45. Qf6 Nd4 46. Rxa2 Nxb3+ 47. Kd1 Rxa2 48. Rb1 Nd4 49. Qxd6 Qxd6 50. Nxd6 Rxg2 51. Kc1 Ne2+ 0-1

[Event "*** Monthly 3|2 Blitz Masters"]
[Site "Chess.com"]
[Date "2014.11.25"]
[Round "5"]
[White "FrankieJay"]
[Black "MoreChessJulia"]
[Result "1/2-1/2"]
[WhiteElo "2182"]
[BlackElo "1887"]
[TimeControl "180+2"]
[EndTime "11:59:23 PST"]
[Termination "Game drawn by stalemate"]

1. c4 e5 2. Nc3 Nc6 3. g3 g6 4. Bg2 Bg7 5. d3 d6 6. Rb1 a5 7. a3 f5 8. e3 h5 9. h4 Nh6 10. Nge2 O-O 11. O-O Be6 12. Nd5 Ra7 13. b4 axb4 14. axb4 Ne7 15. Bb2 c6 16. Nxe7+ Qxe7 17. Qc2 g5 18. hxg5 Qxg5 19. f4 Qg6 20. Ra1 Rfa8 21.
Rxa7 Rxa7 22. Ra1 Rxa1+ 23. Bxa1 Ng4 24. Qd2 exf4 25. Bxg7 fxe3 26. Qb2 Qxg7 27. Qxg7+ Kxg7 28. b5 Nf2 29. Nf4 Bd7 30. Nxh5+ Kh6 31. Nf6 Be6 32. bxc6 bxc6 33. Kf1 Nxd3 34. Ke2 Bxc4 35. Kxe3 d5 36. Kd4 Ne1 37. Bh3 Kg5 38. Nd7 Nf3+ 39. Kc5 Nd2 40. Kxc6 Ne4 41. Ne5 Nxg3 42. Kc5 Bb3 43. Bg2 Ne4+ 44. Kd4 Kf4 45. Nd3+ Kg3 46. Bf1 f4 47. Ne5 f3 48. Nxf3 Kxf3 49. Bb5 Kf4 50. Bc6 Nf6 51. Bb7 Kf5 52. Bc6 Ke6 53. Bb7 Kd6 54. Ba8 Ba4 55. Bxd5 Nxd5 56. Kd3 Ke5 57. Kc4 Bd7 58. Kd3 Bb5+ 59. Kc2 Bc4 60. Kb2 Kd4 61.
Ka1 Kc3 62. Kb1 Ne3 63. Ka1 Bb3 64. Kb1 Nc4 65. Ka1 Nd6 66. Kb1 Ne4 67. Ka1 Bf7 68.
Kb1 Be6 69. Ka1 Bb3 70. Kb1 Nd2+ 71. Ka1 Nc4 72. Kb1 Na3+ 73. Ka1 Nc2+ 74. Kb1 Ba4 75. Ka2 Bb3+ 76. Kb1 Ne1 77. Ka1 Nd3 78. Kb1 Bc2+ 79. Ka1 Nc5 80. Ka2 Nb3 81. Ka3 Nc1 1/2-1/2

[Event "*** Monthly 3|2 Blitz Masters"]
[Site "Chess.com"]
[Date "2014.11.25"]
[Round "5"]
[White "Yaacovn"]
[Black "Dlugy"]
[Result "1-0"]
[WhiteElo "2605"]
[BlackElo "2584"]
[TimeControl "180+2"]
[EndTime "11:59:26 PST"]
[Termination "Yaacovn won by checkmate"]

1. d4 g6 2. Nf3 Bg7 3. c4 c5 4. e3 cxd4 5. exd4 Nf6 6. Nc3 d5 7. Bg5 dxc4 8. Bxc4 O-O 9. h3 Nc6 10. O-O Na5 11. Be2 Be6 12. Re1 Rc8 13. Qd2 Re8 14.
Rad1 Bc4 15. Bxc4 Nxc4 16. Qe2 Qa5 17. Ne5 Nd6 18. a3 Nd5 19. Bd2 Nxc3 20. Bxc3 Qd5 21. Ng4 Nb5 22. Ne3 Nxc3 23. Nxd5 Nxe2+ 24. Rxe2 e6 25. Ne3 Rcd8 26. Red2 Kf8 27. g3 Rd7 28. b3 Rc8 29.
Rd3 Bf6 30. Kg2 Be7 31. a4 Bg5 32. f4 Bf6 33. h4 h5 34. Kf3 Be7 35. d5 exd5 36.
Nxd5 Bd8 37. f5 g5 38. hxg5 Bxg5 39. Nf4 Rxd3+ 40. Rxd3 Rc5 41. Nxh5 Rxf5+ 42. Kg4 Rc5 43. Rd7 Be7 44. Nf4 b5 45. a5 a6 46. Nd5 b4 47. Nxe7 Rxa5 48. Rb7 Ra3 49. Nf5 Kg8 50. Rxb4 a5 51. Rb8+ Kh7 52. Rb7 Kg6 53. Rb6+ Kh7 54. Kg5 a4 55. bxa4 Rxa4 56. g4 Ra8 57. Rb7 Rg8+ 58.
Kh5 Rf8 59. g5 Kg8 60. Nd6 Kg7 61. g6 Rd8 62. Rxf7+ Kg8 63. Nf5 Rd5 64. Kg5 Ra5 65.
Rc7 Ra8 66. Kh6 Rf8 67. Rg7+ Kh8 68. Rh7+ Kg8 69. Ne7# 1-0

[Event "*** Monthly 3|2 Blitz Masters"]
[Site "Chess.com"]
[Date "2014.11.25"]
[Round "5"]
[White "Baggio95"]
[Black "grandmastergauri"]
[Result "1-0"]
[WhiteElo "2373"]
[BlackElo "2333"]
[TimeControl "180+2"]
[EndTime "11:59:49 PST"]
[Termination "Baggio95 won by resignation"]

1. d4 Nf6 2. Nc3 d5 3. Bf4 Bf5 4. e3 e6 5. f3 Bd6 6. Nge2 h6 7. Bxd6 cxd6 8. Ng3 Bg6 9. Bd3 Bxd3 10. Qxd3 Nc6 11.
O-O Rc8 12. a3 Qb6 13. b3 O-O 14. Nce2 Qa6 15. Qxa6 bxa6 16. b4 Nb8 17. c3 Nbd7 18. Rfb1 Nb6 19. Nf1 Na4 20. Rb3 Rc7 21. Rc1 Rfc8 22.
Nd2 Nd7 23. e4 Ndb6 24. Kf2 dxe4 25. fxe4 Nc4 26. Nxc4 Rxc4 27. Ke3 e5 28. Kd3 f6 29. Rbb1 Nb6 30. b5 a5 31. g4 Ra4 32. Rb3 Nc4 33.
Ra1 Nb6 34. h4 Rac4 35. Rc1 d5 36. exd5 Nxd5 37. b6 Nxb6 38. Rb5 exd4 39. Nxd4 Rd8 40. Rxb6 Rcxd4+ 41. cxd4 axb6 42. a4 Rd6 43. Rc7 h5 44.
gxh5 Kh7 45. Ke4 Kh6 46. d5 Kxh5 47. Rxg7 Kxh4 48. Rc7 Kg5 49. Rc6 f5+ 50. Ke5 Rd8 51.
d6 f4 52. Rc1 Re8+ 53. Kd5 f3 54. d7 Rh8 55. Rc8 f2 56. Rxh8 f1=Q 57. d8=Q+ Kg4 58. Qg8+ Kf3 59. Qf7+ Ke2 60. Rh2+ Ke1 61. Qxf1+ Kxf1 62. Ke4 Kg1 63. Rb2 1-0

[Event "*** Monthly 3|2 Blitz Masters"]
[Site "Chess.com"]
[Date "2014.11.25"]
[Round "5"]
[White "162a54f5d"]
[Black "gumersindo"]
[Result "1/2-1/2"]
[WhiteElo "2275"]
[BlackElo "2050"]
[TimeControl "180+2"]
[EndTime "12:00:24 PST"]
[Termination "Game drawn - insufficient material"]

1. d4 d5 2. c4 c6 3. Nf3 Nf6 4.
e3 a6 5. Bd3 g6 6. O-O Bg7 7.
Nc3 dxc4 8. Bxc4 O-O 9. e4 Bg4 10. Be3 b5 11. Bd3 Ne8 12. e5 Nc7 13. h3 Be6 14.
Ne4 Bd5 15. b3 Ne6 16. Rc1 Nd7 17. Qe2 Rc8 18. Rc2 Nb6 19. Rfc1 Qd7 20. Qd2 Qb7 21.
Bh6 Nd7 22. Bxg7 Kxg7 23. Qe3 Rfd8 24. Nfg5 Ndf8 25. f4 Nxg5 26. Nxg5 Ne6 27. Nxe6+ Bxe6 28. Be4 Bd5 29. Rc5 e6 30. R1c3 Bxe4 31. Qxe4 Rd5 32. Rxd5 cxd5 33. Qc2 Rxc3 34. Qxc3 Qb6 35. b4 h5 36. g3 Qb7 37. Qc5 Kh7 38. Kg2 Kg7 39. g4 hxg4 40. hxg4 Qb8 41. f5 gxf5 42. gxf5 exf5 43.
Qxd5 Qc8 44. Qc5 Qe6 45. Qc2 Qd5+ 46. Kg3 Qxd4 47. Qxf5 Qxb4 48. Qf6+ Kg8 49. Qg5+ Kf8 50. Qd8+ Kg7 51. Qg5+ Kf8 52. Qd8+ Kg7 53. Qf6+ Kg8 54.
Qg5+ Kf8 55. Qh6+ Ke7 56. Qf6+ Kf8 57. Qxa6 Qc3+ 58. Kf4 Qc4+ 59. Kg5 Qd5 60. Qf6 Qg2+ 61. Kf4 Qxa2 62. Qh8+ Ke7 63. Qf6+ Kf8 64. Qd6+ Kg7 65. Qf6+ Kf8 66. Qd8+ Kg7 67. Qg5+ Kf8 68. Qh6+ Ke7 69. Qd6+ Ke8 70. Qc6+ Kf8 71. Qxb5 Qd2+ 72. Ke4 Qg2+ 73.
Kd4 Qf2+ 74. Kd5 Qf3+ 75. Kd6 Qd1+ 76. Kc7 Qc2+ 77. Kd8 Qd2+ 78. Kc8 Qc3+ 79. Kd7 Qd4+ 80. Kc7 Qc3+ 81. Kd6 Qd4+ 82. Qd5 Qxd5+ 83. Kxd5 Ke7 84. Ke4 f6 85. exf6+ Kxf6 1/2-1/2

[Event "*** Monthly 3|2 Blitz Masters"]
[Site "Chess.com"]
[Date "2014.11.25"]
[Round "5"]
[White "DanielRensch"]
[Black "LePlusMortel"]
[Result "1/2-1/2"]
[WhiteElo "2360"]
[BlackElo "2370"]
[TimeControl "180+2"]
[EndTime "12:00:28 PST"]
[Termination "Game drawn - insufficient material"]

1. d4 Nf6 2. Nc3 d6 3. Bg5 c6 4.
e4 Qb6 5. Qd2 Nbd7 6. Nf3 e5 7.
dxe5 dxe5 8. Bxf6 Nxf6 9. Nxe5 Qxb2 10. Rd1 Be7 11. Nc4 Qb4 12. a3 Qc5 13. e5 O-O 14. exf6 Bxf6 15. Be2 Re8 16. O-O b5 17. Nd6 Bxc3 18.
Qf4 Rf8 19. Ne4 Qe5 20. Qh4 Bf5 21. Bd3 Rae8 22. Nxc3 Qxc3 23. Bxf5 g6 24. Bd3 Qxa3 25. Ra1 Qc5 26. Rfe1 Rxe1+ 27. Rxe1 a5 28. Qe7 Qxe7 29. Rxe7 Ra8 30. Be4 Ra6 31. Rc7 a4 32. Rxc6 Ra7 33. Bd5 Rd7 34. Rc5 b4 35. Kf1 Ra7 36. Rb5 b3 37. Bxb3 axb3 38. Rxb3 Ra2 39. Rc3 Kg7 40. Ke2 h5 41. Kf3 Ra1 42. Rc6 Rc1 43. c4 Rc3+ 44.
Kf4 Rc2 45. Ke3 h4 46. g3 h3 47. c5 Rc3+ 48. Kf4 Rc2 49. Kf3 g5 50. Kg4 Rxf2 51. Kxh3 f6 52. Rd6 Rc2 53. c6 Kg6 54. g4 Rc3+ 55. Kg2 Rc2+ 56. Kg3 Rc3+ 57. Kf2 Rc2+ 58. Ke3 Rxh2 59. c7 Rc2 60. Rd7 f5 61. gxf5+ Kxf5 62. Kd3 Rc6 63. Kd4 Kf4 64. Rf7+ Kg3 65. Kd5 Rc1 66.
Kd6 g4 67. Rf5 Rxc7 68. Kxc7 Kh2 69. Rh5+ Kg2 70. Kd6 g3 71. Ke5 Kf3 72. Rf5+ Ke3 73. Rg5 Kf3 74. Kd4 g2 75. Kd3 Kf2 76. Rf5+ Ke1 77.
Re5+ Kf2 78. Rf5+ Ke1 79. Rg5 Kf2 80. Kd2 g1=Q 81. Rf5+ Kg2 82. Rg5+ Kh1 83. Rxg1+ Kxg1 1/2-1/2

[Event "*** Monthly 3|2 Blitz Masters"]
[Site "Chess.com"]
[Date "2014.11.25"]
[Round "5"]
[White "IMRosen"]
[Black "josiwales"]
[Result "1-0"]
[WhiteElo "1988"]
[BlackElo "1815"]
[TimeControl "180+2"]
[EndTime "12:00:56 PST"]
[Termination "IMRosen won by resignation"]

1. c4 Nf6 2. Nc3 g6 3. e4 d6 4.
d4 Bg7 5. Be2 O-O 6. Bg5 Nbd7 7.
Qd2 e5 8. d5 Nc5 9. f3 a5 10.
b3 b6 11. h4 h5 12. g4 hxg4 13. h5 Qe8 14. Bxf6 Bxf6 15. fxg4 Qe7 16. Nh3 Bh4+ 17.
Kd1 g5 18. Kc2 f6 19. Raf1 Qh7 20. Bd3 Bxg4 21. Rfg1 Bf3 22. Re1 Bxh1 23. Rxh1 Qxh5 24. Be2 Qg6 25. Qe3 Kg7 26. Bg4 Rh8 27. Bf5 Qf7 28. Rg1 Kf8 29. Nb5 Na6 30. a3 Qe7 31. Qf3 Qf7 32.
Be6 Qg6 33. Bf5 Qg7 34. Bg4 Qe7 35. Qf5 Rh6 36. Rf1 Kg7 37. Qf3 Rf8 38. Bf5 Kg8 39. Na7 Nb8 40. Nb5 Qg7 41. Rg1 Kh8 42. Bg4 Qe7 43. Be6 Rh7 44. Bf5 Rg7 45. Qh5+ Kg8 46.
Be6+ Rff7 47. Rf1 Kf8 48. Qh8+ Rg8 49. Qh6+ Ke8 50. Bxf7+ Qxf7 51. Rxf6 Qg7 52. Qh5+ Kd8 53. Rf7 Qg6 54. Rf8+ Ke7 55. Qxg6 Rxg6 56. Rxb8 g4 57.
Ng1 Rf6 58. Rg8 Rf2+ 59. Kd3 Rg2 60. Ne2 g3 61. Ke3 Kf6 62. Nbc3 Bg5+ 63. Kf3 Rf2+ 64. Kxg3 Rf1 65. Rc8 Rb1 66. Rxc7 Rxb3 67. Kf2 Bd2 68. Nb5 Be3+ 69. Kg2 Bc5 70. Rc6 Rb2 71. Kf3 Rb3+ 72.
Kg2 Rb2 73. Kf1 Rb1+ 74. Kg2 Rb2 75. Nc3 Bxa3 76. Kf3 Bb4 77. Ke3 Rb3 78. Kd3 a4 79.
Kc2 Bxc3 80. Nxc3 Kg5 81. Rxd6 Kf4 82. Rh6 Ke3 83. Rh3+ Kd4 84. Rd3+ Kxc4 85. d6 a3 86. d7 Rb2+ 87. Kc1 a2 88. Kxb2 1-0

[Event "*** Monthly 3|2 Blitz Masters"]
[Site "Chess.com"]
[Date "2014.11.25"]
[Round "5"]
[White "Nouki"]
[Black "GMHess"]
[Result "1/2-1/2"]
[WhiteElo "2654"]
[BlackElo "2466"]
[TimeControl "180+2"]
[EndTime "12:01:17 PST"]
[Termination "Game drawn by agreement"]

1. d4 Nf6 2. c4 e6 3. Nf3 d5 4.
Nc3 Be7 5. Bf4 O-O 6. e3 c6 7.
c5 Nbd7 8. h3 Ne4 9. Bd3 f5 10. g4 b6 11. gxf5 exf5 12. cxb6 axb6 13. Rg1 Bf6 14. Qb3 Kh8 15. Ke2 Bb7 16. Rad1 Ra5 17. h4 c5 18. Bxe4 fxe4 19. Ng5 cxd4 20. exd4 Ba6+ 21. Ke1 Bc4 22. Qb4 Be7 23. Bd6 Bxd6 24. Qxd6 Qf6 25. Qxf6 gxf6 26. Ne6 Re8 27. Nf4 Bxa2 28.
Ra1 Rea8 29. Kd2 Bc4 30. Rxa5 Rxa5 31. b4 Ra3 32. Nfxd5 Bxd5 33. Nxd5 Rd3+ 34. Ke2 Rxd4 35. Nf4 Ne5 36. Nh5 Nd7 37. Rc1 Kg8 38. Rc7 Kf7 39. Ke3 Rd5 40. Nf4 Rd6 41. Kxe4 Ke7 42. Nd5+ Ke6 43. Nf4+ Ke7 44. h5 Rd1 45. Rc6 Rd6 46.
Nd5+ Ke6 47. Nf4+ Ke7 48. Rc7 Rd1 49. Kf5 Kd6 50. Ra7 Rd2 51. f3 Rb2 52. Nd3 Rb3 53.
Ke4 Rb1 54. Kd4 Rh1 55. Nf2 Rxh5 56. Ne4+ Ke6 57. Rxd7 f5 58. Rd6+ Ke7 59. Rxb6 fxe4 60. fxe4 Rh1 61. Ke5 Rh5+ 62. Kd4 Rh1 63. b5 h5 64. Rh6 h4 65. b6 Kd7 66. Ke5 h3 67. b7 Kc7 68. Rh7+ Kb8 69. Ke6 h2 70. e5 Ka7 71.
Kd7 Kxb7 72. e6 Kb6 73. e7 Rd1+ 74. Kc8 Re1 75. Rh6+ Kc5 76. Kd7 Rd1+ 77. Kc7 Re1 78. Rh5+ Kb4 79. Kd7 Rd1+ 80. Kc6 Re1 81. Rh4+ Ka5 82.
Kd7 Rd1+ 83. Kc8 Re1 84. Kd7 Rd1+ 1/2-1/2

[Event "*** Monthly 3|2 Blitz Masters"]
[Site "Chess.com"]
[Date "2014.11.25"]
[Round "5"]
[White "hitaman"]
[Black "AlmirDzhumaev"]
[Result "1-0"]
[WhiteElo "2415"]
[BlackElo "2272"]
[TimeControl "180+2"]
[EndTime "12:02:19 PST"]
[Termination "hitaman won by resignation"]

1. e4 e5 2. Nf3 Nc6 3. Bb5 a6 4.
Bxc6 dxc6 5. O-O Bg4 6. h3 h5 7. d3 Qf6 8. Be3 Bxf3 9. Qxf3 Qxf3 10. gxf3 O-O-O 11. Nd2 f6 12. Nc4 g5 13. h4 g4 14.
f4 Bd6 15. f5 c5 16. Kh2 Nh6 17. Bxh6 Rxh6 18. Kg3 b5 19. Ne3 c6 20. f3 gxf3 21. Kxf3 Rg8 22. Rg1 Rhh8 23. Rg6 Be7 24. Rag1 Rf8 25. a4 Kd7 26. Ra1 Rc8 27. Rg7 Rcg8 28. Rxg8 Rxg8 29. axb5 axb5 30. Ra7+ Kd6 31. Kf2 Rh8 32.
Ra1 Rg8 33. Rg1 Rh8 34. Rg7 Kd7 35. Nf1 Ke8 36. Rg1 Kf7 37. Ng3 Ke8 38. Ra1 Kd7 39. Ra7+ Kd6 40. c4 Bd8 41. Nf1 Bb6 42. Rf7 Bd8 43.
Ne3 b4 44. Nf1 Be7 45. Rg7 Ra8 46. Ne3 Ra1 47. Rg1 Ra2 48. Nd1 Bf8 49. Rg6 Ke7 50. Rg8 Bh6 51. Ke1 Bc1 52. Rg7+ Kd6 53. Rg2 Ra7 54. Rg8 Ra1 55. Rg2 Bf4 56. Rg7 Bc1 57. Ke2 Ra2 58. Kf3 Bxb2 59. Rg2 Ra1 60. Nxb2 Rh1 61. Kg3 Re1 62. Rd2 Re3+ 63. Kg2 Re1 64. Nd1 Kc7 65. Nf2 Kb6 66. Kf3 Ra1 67. Rd1 Ra2 68. Nh1 Ka5 69. Ng3 b3 70. Nxh5 Kb4 71.
Nxf6 Kc3 72. Nd7 Rh2 73. Kg3 Rd2 74. Rxd2 Kxd2 75. f6 b2 76. f7 b1=Q 77. f8=Q Qxd3+ 78. Qf3 Qxd7 79. h5 Qg7+ 80. Kh4 Qh6 81. Qg3 Qf4+ 82. Qxf4+ exf4 83. Kg4 Ke3 84. e5 f3 85. e6 f2 86. e7 f1=Q 87. e8=Q+ Kd4 88. Qe6 Qxc4 89. Qxc4+ Kxc4 90. h6 Kd3 91. h7 c4 92. h8=Q c3 93. Qh6 Kc2 94. Qxc6 Kb2 95. Qf6 Kb3 96. Qd4 c2 97.
Qa1 Kc4 98. Kf3 Kd3 99. Qc1 Kc3 100. Ke3 Kb3 101. Kd4 Ka2 102. Qxc2+ Ka1 103. Qd2 1-0

[Event "*** Monthly 3|2 Blitz Masters"]
[Site "Chess.com"]
[Date "2014.11.25"]
[Round "6"]
[White "Sebastian"]
[Black "hitaman"]
[Result "1-0"]
[WhiteElo "2533"]
[BlackElo "2401"]
[TimeControl "180+2"]
[EndTime "12:05:30 PST"]
[Termination "Sebastian won by resignation"]

1. e4 c5 2. Nf3 e6 3. d4 cxd4 4.
Nxd4 a6 5. c4 Nf6 6. Nc3 Bb4 7. Qd3 d5 8. exd5 exd5 9. Be2 O-O 10. O-O dxc4 11. Qxc4 Be7 12. Rd1 b5 13. Qb3 Qc7 14.
Be3 Nbd7 15. Nf5 Nc5 16. Nxe7+ Qxe7 17. Qb4 Nfd7 18. Nd5 Qd6 19. Rac1 a5 20. Bxc5 1-0

[Event "*** Monthly 3|2 Blitz Masters"]
[Site "Chess.com"]
[Date "2014.11.25"]
[Round "6"]
[White "minnesotachessmaster"]
[Black "Mvpag"]
[Result "0-1"]
[WhiteElo "1919"]
[BlackElo "1885"]
[TimeControl "180+2"]
[EndTime "12:06:17 PST"]
[Termination "Mvpag won by resignation"]

1. e4 e5 2. Nf3 Nc6 3. d4 exd4 4. Nxd4 d6 5. Bb5 Bd7 6. O-O Be7 7. Nc3 Nf6 8. Re1 Nxd4 9. Qxd4 O-O 10. Bc4 a6 11. Bg5 b5 12. Bb3 c5 13. Qd1 c4 14. Bxc4 bxc4 15.
Qd4 Be6 16. f4 Ng4 17. Bxe7 Qxe7 18. h3 Nf6 19. f5 Bd7 20. e5 dxe5 21. Rxe5 Qd8 22.
Qxc4 Qb6+ 23. Kh1 Qxb2 24. Rb1 Qxc2 0-1

[Event "*** Monthly 3|2 Blitz Masters"]
[Site "Chess.com"]
[Date "2014.11.25"]
[Round "6"]
[White "162a54f5d"]
[Black "ameet100"]
[Result "1-0"]
[WhiteElo "2316"]
[BlackElo "2414"]
[TimeControl "180+2"]
[EndTime "12:06:31 PST"]
[Termination "162a54f5d won by resignation"]

1. d4 g6 2. Nf3 Bg7 3. g3 Nf6 4.
Bg2 O-O 5. c4 c6 6. O-O d6 7.
Nc3 Nbd7 8. e4 e5 9. h3 a6 10.
Be3 b5 11. c5 b4 12. Na4 Nxe4 13. cxd6 Nxd6 14. Nxe5 Nxe5 15. dxe5 Bxe5 16. Bc5 Nf5 17. Bxf8 Qxf8 18. Bxc6 Ra7 19. Re1 Bf6 20. Re8 1-0